 Dungeon Crawl Stone Soup version 0.30.0-5-g1a98f26d00 (webtiles) character file.

Game seed: 15239804536428756810

22 CoinPitGoblin the Shooter (level 2, -5/25 HPs)
             Began as a Minotaur Hunter on May 9, 2023.
             Slain by Sigmund
             ... wielding a +0 scythe
              (7 damage)
             ... on level 2 of the Dungeon.
             The game lasted 00:04:37 (778 turns).

CoinPitGoblin the Shooter (Minotaur Hunter)          Turns: 778, Time: 00:04:37

Health: -5/25      AC:  3    Str: 15    XL:     2   Next: 68%
Magic:  1/1        EV: 12    Int:  6    God:
Gold:   54         SH:  0    Dex: 13    Spells: 1/1 levels left

rFire   . . .        b - +0 rapier
rCold   . . .        (no shield)
rNeg    . . .        c - +0 leather armour
rPois   .            (helmet restricted)
rElec   .            (no cloak)
rCorr   .            (no gloves)
SInv    .            (no boots)
Will    .....        (no amulet)
Stlth   +            (no ring)
HPRegen 0.24/turn    (no ring)
MPRegen 0.07/turn

%: no passive effects
@: attractive
A: horns 2, retaliatory headbutt
a: no special abilities


You were on level 2 of the Dungeon.
You visited 1 branch of the dungeon, and saw 2 of its levels.

You collected 54 gold pieces.

Inventory:

Hand Weapons
 a - a +0 shortbow
 b - a +0 rapier (weapon)
Armour
 c - a +0 leather armour (worn)
 e - a +0 ring mail
Scrolls
 d - a scroll of immolation
 i - 2 scrolls of identify {unknown}
 j - 2 scrolls of enchant weapon {unknown}
 k - a scroll of amnesia {unknown}
Potions
 g - a potion of haste {unknown}
 h - a potion of brilliance {unknown}


   Skills:
 + Level 2.7 Fighting
 + Level 5.0 Ranged Weapons
 + Level 0.2 Armour
 + Level 2.3 Dodging
 - Level 0.7 Stealth


You had one spell level left.
You didn't know any spells.
Your spell library contained the following spells:

 Spells                   Type           Power      Damage    Failure   Level
 Magic Dart               Conj           0%         1d3       52%         1
 Call Imp                 Summ           0%         N/A       67%         2
 Mephitic Cloud           Conj/Pois/Air  0%         N/A       88%         3


Dungeon Overview and Level Annotations

Branches:
Dungeon (2/15)

Altars:

Annotations:
D:2 Sigmund


Innate Abilities, Weirdness & Mutations

You have a pair of horns on your head.
You reflexively headbutt those who attack you in melee.


Message History

Sigmund is nearby!
Sigmund is nearby!
You shoot an arrow. The arrow barely misses Sigmund.
A frilled lizard comes into view.
Sigmund points at you and mumbles some strange words.
You are confused.
You are too confused!
You are too confused!
You are too confused!
Sigmund casts a spell at you. The magic dart hits you.
You feel less confused.
Sigmund gestures wildly while chanting.
Sigmund flickers and vanishes!
Deactivating autopickup; reactivate with Ctrl-A.
Found 3 stones.
You are confused.
Found a robe.
A magic dart appears from out of thin air!
The magic dart hits you!
You are too injured to fight recklessly!
You are too injured to fight recklessly!
You feel less confused.
A puff of flame appears from out of thin air!
The puff of flame hits you!
* * * LOW HITPOINT WARNING * * *
It was a potion of attraction.
You feel attractive to monsters. Something is attracted toward you.
Okay, then.
b - a +0 rapier (weapon)
The frilled lizard bites you but does no damage.
Something hits you.
* * * LOW HITPOINT WARNING * * *
You barely miss the frilled lizard. The frilled lizard closely misses you.
You furiously retaliate!
You headbutt the frilled lizard!
You kill the frilled lizard!
Something hits you but does no damage.
You barely miss something. Something hits you!
You die...

#..####...#........####
........<#.#.##<....#
.).#######†#.###....#
#...######.#.# #....#
#........#.#.# #....#
.#........#.#.# #(...#
..............###†...#
............###.†..###
........@.§>..>.####
.....(..†..##...##
.[...............#
#########...####......#
#.#.# #...### #.....
.l.# #...#.. ...)#
#........ ..!..
#......## .....


There were no monsters in sight!

Vanquished Creatures
  3 ball pythons (D:1)
  2 giant cockroaches
  A hobgoblin (D:2)
  4 jackals (D:1)
  A quokka (D:1)
  A bat (D:1)
  2 frilled lizards
  A goblin (D:2)
  A kobold (D:1)
  5 rats
21 creatures vanquished.

Notes
Turn   | Place    | Note
-------+----------+-------------------------------------------
     0 | D:1      | CoinPitGoblin the Minotaur Hunter began the quest for the
                  | Orb.
     0 | D:1      | Reached XP level 1. HP: 18/18 MP: 0/0
   155 | D:1      | Reached XP level 2. HP: 25/25 MP: 1/1
   691 | D:2      | Reached skill level 5 in Ranged Weapons
   756 | D:2      | Noticed Sigmund
   776 | D:2      | HP: 1/25 [something (2)]
   778 | D:2      | Slain by Sigmund

Illustrated notes

Levels and vault maps discovered:
D:1:      dpeg_arrival_court, layout_loops_ring
D:2:      layout_rooms, basic_ecumenical_altar, minivault_25,
          uniq_crazy_yiuf_cottage, uniq_sigmund

Skill      XL: |  1  2 |
---------------+-------+-----
Ranged Weapons | 5 |  5.0
Fighting       | |  2.7
Armour         | |  0.2
Dodging        | |  2.3
Stealth        | |  0.7

Action                     || total
---------------------------++-------
  Melee: Rapier            ||     2
   Fire: Shortbow          ||    65
    Use: Potion            ||     1
 Armour: Leather armour    ||     7
  Dodge: Dodged            ||    24
